 Dungeon Crawl Stone Soup version 0.25.0-9-g26727b657a (webtiles) character file.

Game seed: 14140037514893003306

4901 vurker the Zephyrmancer (level 10, 0/61 HPs)
             Began as a Tengu Air Elementalist on June 21, 2020.
             Was a Priest of Vehumet.
             Succumbed to a guardian serpent's bolt of poison
             ... on level 9 of the Dungeon.
             The game lasted 00:16:05 (12315 turns).

vurker the Zephyrmancer (Tengu Air Elementalist)   Turns: 12315, Time: 00:16:06

Health: 0/61       AC:  8    Str: 10    XL:     10   Next: 51%
Magic:  5/23       EV: 15    Int: 18    God:    Vehumet [***...]
Gold:   561        SH:  0    Dex: 14    Spells: 16/26 levels left

rFire    + . .     SeeInvis .   j - +1 falchion of the Battered Wishes {drain, +Rage +Inv rElec}
rCold    . . .     Gourm    .   (no shield)
rNeg     . . .     Faith    .   r - +2 robe {rF+}
rPois    .         Spirit   .   (helmet restricted)
rElec    +         Reflect  .   (no cloak)
rCorr    .         Harm     .   (no gloves)
MR       .....                  (boots unavailable)
Stlth    ++........             k - amulet of regeneration
HPRegen  0.60/turn              c - ring of wizardry
MPRegen  0.18/turn              b - +4 ring of protection

@: lethally poisoned (0 -> -5), flying quickly and evasively, slowed, very slow
A: beak, talons 3, able to fly
a: Stop Flying, Renounce Religion, Evoke Berserk Rage, Evoke Invisibility


You were on level 9 of the Dungeon.
You worshipped Vehumet.
Vehumet was most pleased with you.
You were very hungry.

You visited 2 branches of the dungeon, and saw 10 of its levels.

You collected 561 gold pieces.

Inventory:

Hand Weapons
 j - the +1 falchion of the Battered Wishes (weapon) {drain, +Rage +Inv rElec}
   (You found it on level 6 of the Dungeon)

   A truly terrible weapon, it drains the life of those it strikes.
   It insulates you from electricity.
   It lets you turn invisible.
   It lets you go berserk.
 s - a +2 whip of electrocution
   (You took it off a gnoll on level 5 of the Dungeon)
Armour
 r - a +2 robe of fire resistance (worn)
   (You took it off a wight on level 7 of the Dungeon)
Jewellery
 b - a +4 ring of protection (right hand)
   (You found it on level 9 of the Dungeon)
 c - a ring of wizardry (left hand)
   (You found it on level 2 of the Dungeon)
 k - an amulet of regeneration (around neck)
   (You found it on level 3 of the Dungeon)
Wands
 t - a wand of flame (12)
   (You found it on level 7 of the Dungeon)
 v - a wand of polymorph (6)
   (You found it on level 6 of the Dungeon)
Scrolls
 a - a scroll of amnesia
 f - 5 scrolls of remove curse
 i - 2 scrolls of enchant armour
 l - a scroll of random uselessness {unknown}
 m - a scroll of blinking {unknown}
 u - a scroll of teleportation
Potions
 d - 2 potions of lignification
 g - 2 potions of brilliance
 n - 5 potions of curing
 q - a potion of invisibility {unknown}
Comestibles
 e - 14 rations


   Skills:
 + Level 6.4 Fighting
 - Level 2.1 Dodging
 - Level 2.0 Stealth
 * Level 8.9 Spellcasting
 + Level 8.6 Conjurations
 + Level 10.5 Air Magic


You had 16 spell levels left.
You knew the following spells:

 Your Spells              Type           Power        Failure   Level  Hunger
a - Shock                 Conj/Air       ####         1%          1    None
b - Lightning Bolt        Conj/Air       #####.....   1%          5    #####..
c - Airstrike             Air            #####.....   1%          4    ###....

Your spell library contained the following spells:

 Spells                   Type           Power        Failure   Level  Hunger
 Conjure Flame            Conj/Fire      ###.....     1%          3    None
 Freeze                   Ice            #...         1%          1    None
 Swiftness                Chrm/Air       ####....     1%          2    None
 Static Discharge         Conj/Air       #####...     1%          3    None
 Hailstorm                Conj/Ice       ###.....     1%          4    ###....
 Animate Skeleton         Necr           N/A          3%          1    None
 Apportation              Tloc           #.....       3%          1    None
 Corona                   Hex            #......      3%          1    None
 Summon Small Mammal      Summ           #...         3%          1    None
 Frozen Ramparts          Ice            #.....       3%          3    None
 Ozocubu's Armour         Chrm/Ice       #.......     11%         3    None
 Summon Ice Beast         Ice/Summ       #.......     32%         4    ###....


Dungeon Overview and Level Annotations

Branches:
Dungeon (9/15)             Temple (1/1) D:4            Lair (0/6) D:9
    Orc: D:9-12

Altars:
Cheibriados
Fedhas
Gozag
Hepliaklqana
Qazlal
Ru
Sif Muna
Trog
Vehumet
Zin

Shops:
D:7 *

Annotations:
D:9 3 runed translucent doors, Jaiteiro's ghost, novice SpCj


Innate Abilities, Weirdness & Mutations

You have a beak for a mouth.
You have claws for feet.
You can fly continuously.


Message History

The guardian serpent moves out of view.
The guardian serpent is too close now for your liking.
A guardian serpent is nearby!
Aim: a guardian serpent (wandering, hasn't noticed you)
The air twists around and strikes the guardian serpent!
The guardian serpent shouts!
The guardian serpent is too close now for your liking.
Aim: a guardian serpent (moderately wounded)
The air twists around and strikes the guardian serpent.
You are feeling very hungry.
Aim: a guardian serpent (moderately wounded)
The zap hits the guardian serpent.
The guardian serpent casts a spell at you.
You feel yourself slow down.
The guardian serpent coils itself and waves its upper body at you.
The bolt of poison hits you!!
You are poisoned.
There is an open door here.
You feel sick.
You feel sick. The guardian serpent hits you!
* * * LOW HITPOINT WARNING * * *
Aim: a guardian serpent (moderately wounded)
The zap hits the guardian serpent. x2; You feel sick.
The guardian serpent coils itself and waves its upper body at you.
The bolt of poison misses you. The guardian serpent hits you!!
* * * LOW HITPOINT WARNING * * *
You feel much better.
You feel sick. The guardian serpent hits you!
* * * LOW HITPOINT WARNING * * *
The guardian serpent coils itself and waves its upper body at you.
The bolt of poison hits you!
You are more poisoned.
* * * LOW HITPOINT WARNING * * *
Unknown command.
You feel much better.
You feel sick. The guardian serpent hits you!
* * * LOW HITPOINT WARNING * * *
The guardian serpent coils itself and waves its upper body at you.
You resist with significant effort.
The guardian serpent hits you but does no damage.
Aim: a guardian serpent (severely wounded)
The air twists around and strikes the guardian serpent!
* * * LOW HITPOINT WARNING * * *
You feel very sick.
The guardian serpent casts a spell at you.
You feel as though you will be slow longer.
The guardian serpent coils itself and waves its upper body at you.
You feel as though you will be slow longer.
Aim: a guardian serpent (almost dead)
The zap misses the guardian serpent.
The zap hits the guardian serpent but does no damage.
You die...

#... #... #... ### ...
..# #.###### #.#
#......# #.# ######'##
#.# #.....S.# ###'####
#.....@.#####......####
#.......##..'......##..
#.......##.##......'..#
#.......##.##......####
#.......'..##......#
#.......#####......#
#.......# ########
#########


You could see a guardian serpent.

Vanquished Creatures
  Grinder (D:3)
  A hornet (D:9)
  Sigmund (D:3)
  A wyvern (D:8)
  A human (D:8)
  A hungry ghost (D:7)
  A sky beast (D:8)
  3 ice beasts
  An orc warrior (D:8)
  A black bear (D:8)
  A phantom (D:8)
  5 ogres
  4 centaurs
  2 big kobolds
  4 bullfrogs
  4 scorpions
  4 killer bees (D:7)
  5 wights
  5 electric eels (D:8)
  3 howler monkeys
  A bullfrog zombie (D:7)
  3 crimson imps
  5 hounds
  2 jellies
  2 orc priests
  2 bullfrog skeletons
  A gnoll shaman (D:5)
  4 iguanas
  6 orc wizards
  5 worker ants
  2 hound skeletons
  6 gnolls
  A howler monkey skeleton (D:4)
  15 adders
  A shadow imp (D:9)
  An ooze (D:5)
  2 adder skeletons
  3 worms
  A dart slug (D:1)
  10 leopard geckos
  31 orcs
  7 giant cockroaches
  8 goblins
  8 hobgoblins
  14 jackals
  21 kobolds
  6 quokkas
  3 ball pythons
  5 bats
  10 frilled lizards
  A leopard gecko zombie (D:5)
  8 rats
244 creatures vanquished.

Vanquished Creatures (others)
  5 toadstools (D:1)
5 creatures vanquished.

Grand Total: 249 creatures vanquished

Notes
Turn   | Place    | Note
-------+----------+-------------------------------------------
     0 | D:1      | vurker the Tengu Air Elementalist began the quest for the
                  | Orb.
     0 | D:1      | Reached XP level 1. HP: 10/10 MP: 4/4
   231 | D:1      | Reached XP level 2. HP: 15/15 MP: 4/6
   765 | D:1      | Reached XP level 3. HP: 18/20 MP: 2/7
  1277 | D:2      | Reached skill level 1 in Fighting
  1585 | D:2      | Reached XP level 4. HP: 25/25 MP: 5/9
  1686 | D:2      | Reached skill level 5 in Air Magic
  2163 | D:2      | HP: 1/37 [leopard gecko (2)]
  2179 | D:2      | HP: 1/25 [poisoned by an adder]
  2564 | D:2      | Gained mutation: You can fly continuously. [Tengu growth]
  2564 | D:2      | Reached XP level 5. HP: 29/29 MP: 8/10
  3205 | D:3      | Learned a level 5 spell: Lightning Bolt
  3210 | D:3      | Learned a level 4 spell: Airstrike
  3326 | D:3      | Noticed Sigmund
  3347 | D:3      | Killed Sigmund
  3347 | D:3      | Reached skill level 6 in Air Magic
  3347 | D:3      | Reached XP level 6. HP: 26/35 MP: 5/12
  4007 | D:3      | Noticed Grinder
  4014 | D:3      | Killed Grinder
  4014 | D:3      | Reached XP level 7. HP: 18/40 MP: 5/14
  4792 | D:4      | Reached skill level 7 in Air Magic
  4961 | D:4      | You are sucked into a shaft and drop 2 floors!
  5346 | D:5      | Entered Level 5 of the Dungeon
  5453 | D:5      | Reached skill level 5 in Spellcasting
  5453 | D:5      | Reached XP level 8. HP: 42/46 MP: 8/16
  5637 | D:4      | Found a bloodstained altar of Trog.
  5660 | D:4      | Reached skill level 5 in Conjurations
  5731 | D:4      | Found a staircase to the Ecumenical Temple.
  5744 | Temple   | Entered the Ecumenical Temple
  5771 | Temple   | Became a worshipper of Vehumet
  5888 | D:4      | Reached skill level 8 in Air Magic
  7359 | D:5      | Found a hazy altar of Hepliaklqana.
  7579 | D:5      | Reached * piety under Vehumet
  7579 | D:5      | Offered knowledge of Sandblast by Vehumet.
  7983 | D:6      | Found a glowing silver altar of Zin.
  8047 | D:6      | Got an ichor-stained falchion
  8051 | D:6      | Identified the cursed +1 falchion of the Battered Wishes
                  | {drain, +Rage +Inv rElec} (You found it on level 6 of the
                  | Dungeon)
  8220 | D:7      | Reached XP level 9. HP: 51/52 MP: 13/19
  8449 | D:7      | Reached skill level 9 in Air Magic
  8770 | D:7      | Reached skill level 5 in Fighting
  8840 | D:7      | Found an opulent altar of Gozag.
  8843 | D:7      | Found Gozag's Platinum Reserve.
  9321 | D:7      | Got a bloodstained trident
  9328 | D:7      | Found a glowing silver altar of Zin.
  9792 | D:8      | Identified the +9 trident "Malucaph" {antimagic, Int+4}
                  | (You found it on level 7 of the Dungeon)
 10080 | D:8      | Found a stormy altar of Qazlal.
 10236 | D:8      | Reached skill level 10 in Air Magic
 10236 | D:8      | Reached XP level 10. HP: 30/60 MP: 16/23
 10564 | D:8      | Reached ** piety under Vehumet
 10570 | D:8      | Offered knowledge of Magic Dart by Vehumet.
 10968 | D:8      | Found a shimmering blue altar of Sif Muna.
 11521 | D:9      | Found a runed translucent gate.
 11521 | D:9      | Found a runed translucent gate.
 11521 | D:9      | Found a runed translucent gate.
 11521 | D:9      | Noticed Jaiteiro's ghost (novice SpCj)
 11862 | D:9      | Found a staircase to the Lair.
 12022 | D:9      | Offered knowledge of Conjure Flame by Vehumet.
 12188 | D:9      | Reached *** piety under Vehumet
 12294 | D:9      | Noticed a guardian serpent
 12311 | D:9      | HP: 3/61 [guardian serpent (19)]
 12312 | D:9      | HP: 1/61 [guardian serpent/bolt of poison (15)]
 12315 | D:9      | Succumbed to a guardian serpent's bolt of poison

Illustrated notes

Levels and vault maps discovered:
D:1:      ldierk_walled_garden, layout_loops_ring, chequers_serial_rivers_room_b
D:2:      layout_basic
D:3:      layout_basic, first_ration, fountainhead, uniq_grinder, uniq_sigmund
D:4:      layout_layer_cave, lightli_temple_of_fire,
          minmay_temple_entry_offerings, hangedman_decor_clover_reticule
D:5:      layout_loops_ring, basic_altar
D:6:      layout_rooms, basic_altar
D:7:      layout_loops_ring, zin_treasury, nicolae_gozag_zags_fifth_avenue,
          kennysheep_generic_room_15
D:8:      layout_basic, lemuel_crystal_altar, grunt_pizzeria,
          chequers_big_river, nicolae_qazlal_style_of_elements
D:9:      layout_roguey, lair_entry_dummy, serial_shops, shop,
          gammafunk_ghost_necromancy, grunt_decor_arrowhead,
          nrook_guardian_serpent_double
Temple:   hc_temple_tempest_star

Skill      XL: |  1  2  3  4  5  6  7  8  9 10 |
---------------+-------------------------------+-----
Conjurations   | 2 3 4 6 7 8 |  8.6
Fighting       | 1 2 3 4 5 6 |  6.4
Air Magic      | 5 6 7 8 10 | 10.5
Spellcasting   | 3 4 5 6 8 |  8.9
Dodging        | |  2.1
Stealth        | |  2.0

Action                   |  1- 3 |  4- 6 |  7- 9 | 10-12 || total
-------------------------+-------+-------+-------+-------++-------
Melee: Unarmed           |     6 |       |       |       ||     6
       Kick              |     3 |     2 |     4 |       ||     9
       Spear             |     5 |    13 |     3 |       ||    21
       Peck              |       |     1 |     3 |       ||     4
       Falchion          |       |       |     4 |       ||     4
 Cast: Shock             |    57 |   106 |   304 |   117 ||   584
       Airstrike         |       |       |    31 |    25 ||    56
 Abil: Fly               |       |     1 |       |       ||     1
  Use: Potion            |       |     3 |       |     2 ||     5
       Scroll            |       |       |    13 |     1 ||    14
  Eat: Chunk             |     3 |     7 |    18 |     8 ||    36
       Ration            |       |       |     1 |       ||     1
Armor: Robe              |     1 |     2 |     3 |     1 ||     7
       Leather armour    |       |       |     7 |     6 ||    13
Dodge: Dodged            |    13 |    30 |   104 |    15 ||   162
       Rpst.: Falchion   |       |       |    13 |     2 ||    15
